Connexion

BUFFALO Sabres vs COLORADO Avalanche

Created - 24 février 2024 at 05:04

Goals
1 2 3 T
BUFFALO Sabres 2 0 1 3
COLORADO Avalanche 1 3 2 6
Shots
1 2 3 T
BUFFALO Sabres 9 13 12 34
COLORADO Avalanche 5 12 14 31

GoalsPenalties
1st period
1. BUFFALO Sabres , Sam Gagner 24 (Hampus Lindholm 44, Timothy Liljegren 32) at 0:23
2. COLORADO Avalanche , Johnny Gaudreau 22 (Noah Dobson 28, Anthony Mantha 30) at 7:01
3. BUFFALO Sabres , Mikhail Grigorenko 27 (Ryan Johansen 45, Robby Fabbri 31) at 16:47
Noah Dobson (COL) for Hooking (Minor) at 8:26
2nd period
4. COLORADO Avalanche , Jeff Petry 18 (Johnny Gaudreau 23, Claude Giroux 32) at 0:58
5. COLORADO Avalanche , Claude Giroux 17 (Anthony Mantha 31) at 10:26
6. COLORADO Avalanche , Anthony Mantha 16 (Claude Giroux 33) at 11:20
Christian Djoos (COL) for Holding (Minor) at 4:01
Artemi Panarin (COL) for Roughing (Minor) at 10:42
Nelson Nogier (BUF) for Cross-checking (Minor) at 10:42
Joel Farabee (BUF) for High sticking (Minor) at 19:21
3rd period
7. COLORADO Avalanche , Johnny Gaudreau 23 (Oliver Kylington 37, Jeff Petry 34) at 3:29
8. BUFFALO Sabres , Warren Foegele 6 (Tyler Myers 13, Joel Farabee 17) at 13:11
9. COLORADO Avalanche , Philip Tomasino 14 (Luke Glendening 10, Mark Pysyk 29) at 18:41
Hampus Lindholm (BUF) for Cross-checking (Minor) at 7:17
Brenden Dillon (COL) for Hooking (Minor) at 11:00
Brenden Dillon (COL) for Cross-checking (Minor) at 19:26
Goalie Stats
Michael Hutchinson (BUF), 14 saves from 16 shots - (0,875), 28:40 minutes
Thatcher Demko (BUF), 11 saves from 15 shots - (0,733), L, 20-22-2, 31:20 minutes
Braden Holtby (COL), 31 saves from 34 shots - (0,912), W, 30-27-4, 60:00 minutes
3 StarsOfficial
1 - Johnny Gaudreau (COL)
2 - Anthony Mantha (COL)
3 - Claude Giroux (COL)
Referees : Mike Leggo and Paul Devorski
Linesman : Dan Schachte and Thor Nelson
Game Note
Michael Hutchinson enters game at 11:20 of 2nd period
Finance
Level 1 -- Attendance: 5864 (97,73%) -- Ticket Income $586,400
Level 2 -- Attendance: 5007 (100,00%) -- Ticket Income $400,560
Level 3 -- Attendance: 1233 (61,65%) -- Ticket Income $86,310
Level 4 -- Attendance: 2868 (71,70%) -- Ticket Income $114,720
Luxury Box -- Attendance: 509 (50,90%) -- Ticket Income $254,500
Game was played at the Pepsi Center.
Total Attendance: 15481 (85,97%)
Total Ticket Income: $1,442,490
Other Income: $288,498
Total Income: $1,730,988



Team Name Goals Shots Shots Attemp Shots Blocked PIM HIT PP PK FO%
BUFFALO Sabres 3346656230 / 4 (0%)051%
COLORADO Avalanche 631561010170 / 2 (0%)049%

BUFFALO Sabres
Player Name POS G A P +/- PIM HIT SHT SB MP PP MP PP SHT PK MP PK SHT FO% FOT
Anton BlidhLW000002005:460:0000:000100% 2
Brandon SaadLW/RW000-2032022:033:1801:170100% 1
Conor ShearyLW/RW000-1006019:052:3210:00050% 2
Eetu LuostarinenC0001003011:470:0000:00067% 12
Hampus LindholmD011-1220223:533:2501:0200% 0
Ivan BarbashevC/LW/RW000002105:330:0000:00025% 4
Jesper BoqvistC/LW000001005:330:0000:0000% 1
Joe HickettsD000-2001016:493:0500:0500% 0
Joel FarabeeLW0111210112:260:4000:0000% 0
Michael Del ZottoD000-2000115:370:0001:5800% 0
Mikhail GrigorenkoC/LW/RW101-2013018:413:1211:17050% 2
Nelson NogierD0000210020:233:0500:5300% 0
Robby FabbriC/LW011-3011018:383:1210:00045% 11
Ryan JohansenC011-2017120:113:1822:41052% 31
Sam GagnerC/LW/RW101-1025022:323:1802:41044% 27
Timothy LiljegrenD011-1023024:523:2512:0000% 0
Tyler MyersD0110020018:240:0001:5800% 0
Warren FoegeleLW/RW1011022011:470:0000:000100% 1
COLORADO Avalanche
Player Name POS G A P +/- PIM HIT SHT SB MP PP MP PP SHT PK MP PK SHT FO% FOT
Adam RuzickaC000-100105:390:0000:00025% 8
Alexander WennbergC0000013017:532:1301:50045% 22
Anthony ManthaLW/RW1233025020:571:4510:0000% 4
Anze KopitarC0000021020:062:1304:16150% 12
Artemi PanarinLW0000207117:392:1301:50050% 2
Brenden DillonD0000450017:242:1302:0900% 0
Christian DjoosD0000230016:380:0000:1700% 0
Claude GirouxC/LW/RW1233006125:231:4524:26064% 33
Glenn GawdinC/LW000-101005:260:0000:000100% 1
Jeff Petry D1122001125:071:4503:5300% 0
Johnny GaudreauLW2132004119:111:4500:000100% 1
Luke GlendeningC/RW0111010111:040:0000:0000% 1
Mark PysykD0110000114:260:0002:0300% 0
Martin FrkRW000-100005:260:0000:0000% 0
Maxime ComtoisLW0001010011:180:0000:1400% 0
Noah DobsonD0111210023:092:2301:2900% 0
Oliver KylingtonD0113001423:121:3503:0900% 0
Philip TomasinoC1011002011:280:0000:24040% 10



Play-by-Play

1st period


0:01 of 1st period - Claude Giroux wins face-off versus Sam Gagner in neutral zone.
0:23 of 1st period - Shot by Sam Gagner.
0:23 of 1st period - Goal by Sam Gagner - BUFFALO Sabres : 1 - COLORADO Avalanche : 0.
0:24 of 1st period - Alexander Wennberg wins face-off versus Ryan Johansen in neutral zone.
0:48 of 1st period - Robby Fabbri is hit by Noah Dobson and loses puck.
0:51 of 1st period - Shot by Ryan Johansen.
0:51 of 1st period - Shot Misses the Net.
0:53 of 1st period - Shot by Mikhail Grigorenko.
0:53 of 1st period - Deflect By Ryan Johansen.
0:53 of 1st period - Stopped by Braden Holtby without a rebound.
0:54 of 1st period - Eetu Luostarinen wins face-off versus Philip Tomasino in COLORADO Avalanche zone.
0:54 of 1st period - Joe Hicketts is hit by Brenden Dillon and loses puck.
1:22 of 1st period - Shot by Maxime Comtois.
1:22 of 1st period - Shot Misses the Net.
1:30 of 1st period - Shot by Eetu Luostarinen.
1:30 of 1st period - Shot Misses the Net.
2:32 of 1st period - Shot by Conor Sheary.
2:32 of 1st period - Shot Misses the Net.
3:13 of 1st period - Icing by Conor Sheary.
3:14 of 1st period - Alexander Wennberg wins face-off versus Sam Gagner in BUFFALO Sabres zone.
3:14 of 1st period - Alexander Wennberg is hit by Timothy Liljegren.
3:54 of 1st period - Icing by Noah Dobson.
3:55 of 1st period - Alexander Wennberg wins face-off versus Ivan Barbashev in COLORADO Avalanche zone.
4:25 of 1st period - Icing by Martin Frk.
4:26 of 1st period - Ryan Johansen wins face-off versus Adam Ruzicka in COLORADO Avalanche zone.
4:27 of 1st period - Shot by Robby Fabbri.
4:27 of 1st period - Shot Misses the Net.
4:29 of 1st period - Shot by Ryan Johansen.
4:29 of 1st period - Shot Misses the Net.
4:31 of 1st period - Shot by Ryan Johansen.
4:31 of 1st period - Stopped by Braden Holtby with a rebound.
4:33 of 1st period - Shot by Mikhail Grigorenko.
4:33 of 1st period - Shot Misses the Net.
4:57 of 1st period - Shot by Ryan Johansen.
4:57 of 1st period - Stopped by Braden Holtby without a rebound.
4:58 of 1st period - Conor Sheary wins face-off versus Luke Glendening in COLORADO Avalanche zone.
5:10 of 1st period - Icing by Maxime Comtois.
5:11 of 1st period - Philip Tomasino wins face-off versus Jesper Boqvist in COLORADO Avalanche zone.
5:11 of 1st period - Philip Tomasino is hit by Jesper Boqvist.
5:14 of 1st period - Jeff Petry is hit by Ivan Barbashev.
5:20 of 1st period - Shot by Ivan Barbashev.
5:20 of 1st period - Shot Blocked by Oliver Kylington.
5:35 of 1st period - Jeff Petry is hit by Tyler Myers and loses puck.
7:01 of 1st period - Shot by Johnny Gaudreau.
7:01 of 1st period - Goal by Johnny Gaudreau - BUFFALO Sabres : 1 - COLORADO Avalanche : 1.
7:02 of 1st period - Artemi Panarin wins face-off versus Sam Gagner in neutral zone.
7:04 of 1st period - Off-side.
7:05 of 1st period - Sam Gagner wins face-off versus Alexander Wennberg in neutral zone.
7:38 of 1st period - Shot by Sam Gagner.
7:38 of 1st period - Shot Blocked by Mark Pysyk.
8:12 of 1st period - Christian Djoos is hit by Robby Fabbri and loses puck.
8:17 of 1st period - Shot by Mikhail Grigorenko.
8:17 of 1st period - Shot Blocked by Johnny Gaudreau.
8:22 of 1st period - Ryan Johansen is hit by Christian Djoos and loses puck.
8:26 of 1st period - Minor Penalty to Noah Dobson for Hooking.
8:27 of 1st period - Robby Fabbri wins face-off versus Anze Kopitar in COLORADO Avalanche zone.
8:56 of 1st period - Shot by Mikhail Grigorenko.
8:56 of 1st period - Deflect By Joel Farabee.
8:56 of 1st period - Shot Misses the Net.
9:22 of 1st period - Shot by Nelson Nogier.
9:22 of 1st period - Shot Blocked by Oliver Kylington.
10:00 of 1st period - Icing by Conor Sheary.
10:01 of 1st period - Robby Fabbri wins face-off versus Anze Kopitar in BUFFALO Sabres zone.
10:26 of 1st period - Jeff Petry is hit by Warren Foegele and loses puck.
11:33 of 1st period - Shot by Michael Del Zotto.
11:33 of 1st period - Shot Misses the Net.
11:48 of 1st period - Oliver Kylington is hit by Ivan Barbashev and loses puck.
12:17 of 1st period - Mark Pysyk is hit by Sam Gagner and loses puck.
12:38 of 1st period - Shot by Artemi Panarin.
12:38 of 1st period - Stopped by Thatcher Demko without a rebound.
12:39 of 1st period - Claude Giroux wins face-off versus Ryan Johansen in BUFFALO Sabres zone.
12:44 of 1st period - Shot by Johnny Gaudreau.
12:44 of 1st period - Shot Blocked by Ryan Johansen.
12:57 of 1st period - Icing by Johnny Gaudreau.
12:58 of 1st period - Claude Giroux wins face-off versus Eetu Luostarinen in COLORADO Avalanche zone.
13:31 of 1st period - Shot by Claude Giroux.
13:31 of 1st period - Shot Misses the Net.
13:34 of 1st period - Icing by Timothy Liljegren.
13:35 of 1st period - Eetu Luostarinen wins face-off versus Alexander Wennberg in BUFFALO Sabres zone.
14:47 of 1st period - Robby Fabbri is hit by Brenden Dillon and loses puck.
15:03 of 1st period - Icing by Mikhail Grigorenko.
15:04 of 1st period - Claude Giroux wins face-off versus Ryan Johansen in BUFFALO Sabres zone.
15:17 of 1st period - Icing by Christian Djoos.
15:18 of 1st period - Sam Gagner wins face-off versus Claude Giroux in COLORADO Avalanche zone.
15:21 of 1st period - Shot by Conor Sheary.
15:21 of 1st period - Stopped by Braden Holtby without a rebound.
15:22 of 1st period - Sam Gagner wins face-off versus Anthony Mantha in COLORADO Avalanche zone.
15:22 of 1st period - Sam Gagner is hit by Christian Djoos.
15:46 of 1st period - Shot by Sam Gagner.
15:46 of 1st period - Stopped by Braden Holtby without a rebound.
15:47 of 1st period - Alexander Wennberg wins face-off versus Eetu Luostarinen in COLORADO Avalanche zone.
15:47 of 1st period - Alexander Wennberg is hit by Warren Foegele.
16:06 of 1st period - Shot by Oliver Kylington.
16:06 of 1st period - Deflect By Artemi Panarin.
16:06 of 1st period - Stopped by Thatcher Demko with a rebound.
16:08 of 1st period - Shot by Artemi Panarin.
16:08 of 1st period - Stopped by Thatcher Demko without a rebound.
16:09 of 1st period - Claude Giroux wins face-off versus Sam Gagner in BUFFALO Sabres zone.
16:19 of 1st period - Icing by Johnny Gaudreau.
16:20 of 1st period - Ryan Johansen wins face-off versus Anthony Mantha in COLORADO Avalanche zone.
16:45 of 1st period - Shot by Ryan Johansen.
16:45 of 1st period - Shot Misses the Net.
16:47 of 1st period - Shot by Mikhail Grigorenko.
16:47 of 1st period - Goal by Mikhail Grigorenko - BUFFALO Sabres : 2 - COLORADO Avalanche : 1.
16:48 of 1st period - Brandon Saad wins face-off versus Alexander Wennberg in neutral zone.
16:58 of 1st period - Noah Dobson is hit by Tyler Myers and loses puck.
17:47 of 1st period - Shot by Claude Giroux.
17:47 of 1st period - Stopped by Thatcher Demko without a rebound.
17:48 of 1st period - Ryan Johansen wins face-off versus Claude Giroux in BUFFALO Sabres zone.
17:58 of 1st period - Shot by Hampus Lindholm.
17:58 of 1st period - Shot Misses the Net.
18:00 of 1st period - Shot by Mikhail Grigorenko.
18:00 of 1st period - Stopped by Braden Holtby without a rebound.
18:01 of 1st period - Eetu Luostarinen wins face-off versus Philip Tomasino in COLORADO Avalanche zone.
18:24 of 1st period - Shot by Eetu Luostarinen.
18:24 of 1st period - Stopped by Braden Holtby without a rebound.
18:25 of 1st period - Claude Giroux wins face-off versus Ryan Johansen in COLORADO Avalanche zone.
18:49 of 1st period - Off-side.
18:50 of 1st period - Glenn Gawdin wins face-off versus Sam Gagner in neutral zone.
18:50 of 1st period - Christian Djoos is hit by Brandon Saad and loses puck.
19:41 of 1st period - Christian Djoos is hit by Hampus Lindholm and loses puck.
Goals for this period are 2 for BUFFALO Sabres vs 1 for COLORADO Avalanche .
Shots for this period are 9 for BUFFALO Sabres vs 5 for COLORADO Avalanche .

2nd period


0:01 of 2nd period - Sam Gagner wins face-off versus Anthony Mantha in neutral zone.
0:17 of 2nd period - Shot by Anthony Mantha.
0:17 of 2nd period - Stopped by Thatcher Demko without a rebound.
0:18 of 2nd period - Ryan Johansen wins face-off versus Alexander Wennberg in BUFFALO Sabres zone.
0:18 of 2nd period - Ryan Johansen is hit by Alexander Wennberg.
0:40 of 2nd period - Shot by Artemi Panarin.
0:40 of 2nd period - Stopped by Thatcher Demko without a rebound.
0:41 of 2nd period - Sam Gagner wins face-off versus Claude Giroux in BUFFALO Sabres zone.
0:54 of 2nd period - Shot by Johnny Gaudreau.
0:54 of 2nd period - Shot Misses the Net.
0:56 of 2nd period - Shot by Johnny Gaudreau.
0:56 of 2nd period - Shot Blocked by Hampus Lindholm.
0:58 of 2nd period - Shot by Jeff Petry .
0:58 of 2nd period - Goal by Jeff Petry - BUFFALO Sabres : 2 - COLORADO Avalanche : 2.
0:59 of 2nd period - Ryan Johansen wins face-off versus Philip Tomasino in neutral zone.
1:30 of 2nd period - Shot by Robby Fabbri.
1:30 of 2nd period - Shot Misses the Net.
1:39 of 2nd period - Ryan Johansen is hit by Brenden Dillon.
2:07 of 2nd period - Shot by Timothy Liljegren.
2:07 of 2nd period - Stopped by Braden Holtby with a rebound.
2:09 of 2nd period - Shot by Sam Gagner.
2:09 of 2nd period - Shot Misses the Net.
2:17 of 2nd period - Shot by Sam Gagner.
2:17 of 2nd period - Stopped by Braden Holtby without a rebound.
2:18 of 2nd period - Claude Giroux wins face-off versus Eetu Luostarinen in COLORADO Avalanche zone.
2:25 of 2nd period - Shot by Anthony Mantha.
2:25 of 2nd period - Shot Misses the Net.
2:27 of 2nd period - Shot by Claude Giroux.
2:27 of 2nd period - Shot Blocked by Joel Farabee.
2:29 of 2nd period - Shot by Johnny Gaudreau.
2:29 of 2nd period - Shot Misses the Net.
3:32 of 2nd period - Shot by Artemi Panarin.
3:32 of 2nd period - Stopped by Thatcher Demko without a rebound.
3:33 of 2nd period - Sam Gagner wins face-off versus Adam Ruzicka in BUFFALO Sabres zone.
3:33 of 2nd period - Sam Gagner is hit by Glenn Gawdin.
3:57 of 2nd period - Brandon Saad is hit by Christian Djoos and loses puck.
4:01 of 2nd period - Minor Penalty to Christian Djoos for Holding.
4:02 of 2nd period - Anze Kopitar wins face-off versus Robby Fabbri in COLORADO Avalanche zone.
5:05 of 2nd period - Shot by Sam Gagner.
5:05 of 2nd period - Shot Blocked by Oliver Kylington.
5:13 of 2nd period - Shot by Ryan Johansen.
5:13 of 2nd period - Stopped by Braden Holtby without a rebound.
5:14 of 2nd period - Anze Kopitar wins face-off versus Robby Fabbri in COLORADO Avalanche zone.
5:29 of 2nd period - Shot by Timothy Liljegren.
5:29 of 2nd period - Stopped by Braden Holtby without a rebound.
5:30 of 2nd period - Ryan Johansen wins face-off versus Anze Kopitar in COLORADO Avalanche zone.
5:59 of 2nd period - Shot by Ryan Johansen.
5:59 of 2nd period - Stopped by Braden Holtby without a rebound.
6:00 of 2nd period - Robby Fabbri wins face-off versus Artemi Panarin in COLORADO Avalanche zone.
6:10 of 2nd period - Off-side.
6:11 of 2nd period - Ivan Barbashev wins face-off versus Adam Ruzicka in neutral zone.
7:12 of 2nd period - Jeff Petry is hit by Sam Gagner and loses puck.
7:28 of 2nd period - Icing by Anze Kopitar.
7:29 of 2nd period - Alexander Wennberg wins face-off versus Ryan Johansen in COLORADO Avalanche zone.
7:36 of 2nd period - Shot by Artemi Panarin.
7:36 of 2nd period - Shot Misses the Net.
7:41 of 2nd period - Icing by Ryan Johansen.
7:42 of 2nd period - Claude Giroux wins face-off versus Ryan Johansen in BUFFALO Sabres zone.
7:47 of 2nd period - Shot by Anthony Mantha.
7:47 of 2nd period - Stopped by Thatcher Demko without a rebound.
7:48 of 2nd period - Sam Gagner wins face-off versus Claude Giroux in BUFFALO Sabres zone.
7:48 of 2nd period - Sam Gagner is hit by Anthony Mantha.
8:00 of 2nd period - Shot by Sam Gagner.
8:00 of 2nd period - Shot Misses the Net.
8:30 of 2nd period - Shot by Johnny Gaudreau.
8:30 of 2nd period - Stopped by Thatcher Demko with a rebound.
8:39 of 2nd period - Icing by Nelson Nogier.
8:40 of 2nd period - Sam Gagner wins face-off versus Alexander Wennberg in BUFFALO Sabres zone.
8:42 of 2nd period - Icing by Nelson Nogier.
8:43 of 2nd period - Alexander Wennberg wins face-off versus Conor Sheary in BUFFALO Sabres zone.
9:02 of 2nd period - Shot by Alexander Wennberg.
9:02 of 2nd period - Stopped by Thatcher Demko without a rebound.
9:03 of 2nd period - Ryan Johansen wins face-off versus Philip Tomasino in BUFFALO Sabres zone.
9:03 of 2nd period - Ryan Johansen is hit by Luke Glendening.
9:15 of 2nd period - Icing by Mark Pysyk.
9:16 of 2nd period - Eetu Luostarinen wins face-off versus Philip Tomasino in COLORADO Avalanche zone.
9:44 of 2nd period - Off-side.
9:45 of 2nd period - Claude Giroux wins face-off versus Ryan Johansen in neutral zone.
9:48 of 2nd period - Shot by Oliver Kylington.
9:48 of 2nd period - Stopped by Thatcher Demko without a rebound.
9:49 of 2nd period - Claude Giroux wins face-off versus Ryan Johansen in BUFFALO Sabres zone.
10:12 of 2nd period - Shot by Ryan Johansen.
10:12 of 2nd period - Shot Blocked by Jeff Petry .
10:14 of 2nd period - Shot by Ryan Johansen.
10:14 of 2nd period - Stopped by Braden Holtby with a rebound.
10:26 of 2nd period - Shot by Claude Giroux.
10:26 of 2nd period - Goal by Claude Giroux - BUFFALO Sabres : 2 - COLORADO Avalanche : 3.
10:27 of 2nd period - Anze Kopitar wins face-off versus Sam Gagner in neutral zone.
10:27 of 2nd period - Artemi Panarin is hit by Brandon Saad.
10:42 of 2nd period - Minor Penalty to Artemi Panarin for Roughing.
10:42 of 2nd period - Minor Penalty to Nelson Nogier for Cross-checking.
10:43 of 2nd period - Claude Giroux wins face-off versus Robby Fabbri in BUFFALO Sabres zone.
11:10 of 2nd period - Icing by Brandon Saad.
11:11 of 2nd period - Robby Fabbri wins face-off versus Claude Giroux in BUFFALO Sabres zone.
11:20 of 2nd period - Shot by Anthony Mantha.
11:20 of 2nd period - Goal by Anthony Mantha - BUFFALO Sabres : 2 - COLORADO Avalanche : 4.
11:20 of 2nd period - Michael Hutchinson enters game.
11:21 of 2nd period - Claude Giroux wins face-off versus Robby Fabbri in neutral zone.
11:47 of 2nd period - Claude Giroux is hit by Hampus Lindholm and loses puck.
12:26 of 2nd period - Shot by Conor Sheary.
12:26 of 2nd period - Shot Misses the Net.
12:28 of 2nd period - Shot by Joe Hicketts.
12:28 of 2nd period - Stopped by Braden Holtby without a rebound.
12:29 of 2nd period - Anton Blidh wins face-off versus Adam Ruzicka in COLORADO Avalanche zone.
12:53 of 2nd period - Icing by Tyler Myers.
12:54 of 2nd period - Eetu Luostarinen wins face-off versus Alexander Wennberg in BUFFALO Sabres zone.
13:05 of 2nd period - Shot by Artemi Panarin.
13:05 of 2nd period - Deflect By Alexander Wennberg.
13:05 of 2nd period - Stopped by Michael Hutchinson without a rebound.
13:06 of 2nd period - Philip Tomasino wins face-off versus Ivan Barbashev in BUFFALO Sabres zone.
13:49 of 2nd period - Icing by Timothy Liljegren.
13:50 of 2nd period - Alexander Wennberg wins face-off versus Ivan Barbashev in BUFFALO Sabres zone.
14:18 of 2nd period - Shot by Alexander Wennberg.
14:18 of 2nd period - Shot Misses the Net.
14:20 of 2nd period - Shot by Alexander Wennberg.
14:20 of 2nd period - Deflect By Artemi Panarin.
14:20 of 2nd period - Shot Misses the Net.
14:30 of 2nd period - Shot by Artemi Panarin.
14:30 of 2nd period - Deflect By Alexander Wennberg.
14:30 of 2nd period - Stopped by Michael Hutchinson without a rebound.
14:31 of 2nd period - Sam Gagner wins face-off versus Claude Giroux in BUFFALO Sabres zone.
14:53 of 2nd period - Shot by Conor Sheary.
14:53 of 2nd period - Stopped by Braden Holtby with a rebound.
15:01 of 2nd period - Shot by Sam Gagner.
15:01 of 2nd period - Stopped by Braden Holtby with a rebound.
15:03 of 2nd period - Shot by Michael Del Zotto.
15:03 of 2nd period - Shot Blocked by Oliver Kylington.
15:05 of 2nd period - Shot by Brandon Saad.
15:05 of 2nd period - Stopped by Braden Holtby without a rebound.
15:06 of 2nd period - Philip Tomasino wins face-off versus Ryan Johansen in COLORADO Avalanche zone.
16:08 of 2nd period - Shot by Timothy Liljegren.
16:08 of 2nd period - Stopped by Braden Holtby without a rebound.
16:09 of 2nd period - Claude Giroux wins face-off versus Sam Gagner in COLORADO Avalanche zone.
16:09 of 2nd period - Claude Giroux is hit by Brandon Saad.
16:37 of 2nd period - Shot by Conor Sheary.
16:37 of 2nd period - Shot Misses the Net.
16:49 of 2nd period - Shot by Conor Sheary.
16:49 of 2nd period - Deflect By Brandon Saad.
16:49 of 2nd period - Stopped by Braden Holtby with a rebound.
16:51 of 2nd period - Shot by Conor Sheary.
16:51 of 2nd period - Stopped by Braden Holtby without a rebound.
16:52 of 2nd period - Eetu Luostarinen wins face-off versus Alexander Wennberg in COLORADO Avalanche zone.
17:25 of 2nd period - Shot by Joel Farabee.
17:25 of 2nd period - Shot Misses the Net.
17:28 of 2nd period - Icing by Anze Kopitar.
17:29 of 2nd period - Ryan Johansen wins face-off versus Alexander Wennberg in COLORADO Avalanche zone.
18:03 of 2nd period - Claude Giroux is hit by Ryan Johansen and loses puck.
18:07 of 2nd period - Icing by Oliver Kylington.
18:08 of 2nd period - Claude Giroux wins face-off versus Sam Gagner in COLORADO Avalanche zone.
18:25 of 2nd period - Shot by Johnny Gaudreau.
18:25 of 2nd period - Shot Misses the Net.
18:27 of 2nd period - Shot by Johnny Gaudreau.
18:27 of 2nd period - Shot Misses the Net.
18:49 of 2nd period - Icing by Claude Giroux.
18:50 of 2nd period - Eetu Luostarinen wins face-off versus Claude Giroux in COLORADO Avalanche zone.
19:13 of 2nd period - Shot by Warren Foegele.
19:13 of 2nd period - Shot Misses the Net.
19:21 of 2nd period - Minor Penalty to Joel Farabee for High sticking.
19:22 of 2nd period - Alexander Wennberg wins face-off versus Ryan Johansen in BUFFALO Sabres zone.
19:54 of 2nd period - Icing by Noah Dobson.
19:55 of 2nd period - Mikhail Grigorenko wins face-off versus Alexander Wennberg in COLORADO Avalanche zone.
Goals for this period are 0 for BUFFALO Sabres vs 3 for COLORADO Avalanche .
Shots for this period are 13 for BUFFALO Sabres vs 12 for COLORADO Avalanche .

3rd period


0:01 of 3rd period - Ryan Johansen wins face-off versus Claude Giroux in neutral zone.
0:36 of 3rd period - Shot by Johnny Gaudreau.
0:36 of 3rd period - Deflect By Anthony Mantha.
0:36 of 3rd period - Stopped by Michael Hutchinson without a rebound.
0:37 of 3rd period - Ryan Johansen wins face-off versus Alexander Wennberg in BUFFALO Sabres zone.
0:52 of 3rd period - Shot by Artemi Panarin.
0:52 of 3rd period - Deflect By Alexander Wennberg.
0:52 of 3rd period - Shot Blocked by Michael Del Zotto.
0:54 of 3rd period - Shot by Oliver Kylington.
0:54 of 3rd period - Shot Misses the Net.
0:56 of 3rd period - Shot by Alexander Wennberg.
0:56 of 3rd period - Shot Misses the Net.
1:49 of 3rd period - Shot by Eetu Luostarinen.
1:49 of 3rd period - Shot Blocked by Luke Glendening.
2:12 of 3rd period - Christian Djoos is hit by Anton Blidh and loses puck.
2:31 of 3rd period - Shot by Jesper Boqvist.
2:31 of 3rd period - Shot Misses the Net.
3:21 of 3rd period - Shot by Johnny Gaudreau.
3:21 of 3rd period - Shot Misses the Net.
3:23 of 3rd period - Shot by Johnny Gaudreau.
3:23 of 3rd period - Stopped by Michael Hutchinson with a rebound.
3:29 of 3rd period - Shot by Johnny Gaudreau.
3:29 of 3rd period - Goal by Johnny Gaudreau - BUFFALO Sabres : 2 - COLORADO Avalanche : 5.
3:30 of 3rd period - Sam Gagner wins face-off versus Alexander Wennberg in neutral zone.
3:33 of 3rd period - Shot by Conor Sheary.
3:33 of 3rd period - Stopped by Braden Holtby without a rebound.
3:34 of 3rd period - Sam Gagner wins face-off versus Alexander Wennberg in COLORADO Avalanche zone.
3:49 of 3rd period - Shot by Artemi Panarin.
3:49 of 3rd period - Stopped by Michael Hutchinson without a rebound.
3:50 of 3rd period - Ryan Johansen wins face-off versus Claude Giroux in BUFFALO Sabres zone.
4:11 of 3rd period - Shot by Johnny Gaudreau.
4:11 of 3rd period - Shot Blocked by Hampus Lindholm.
4:13 of 3rd period - Shot by Anthony Mantha.
4:13 of 3rd period - Shot Misses the Net.
5:33 of 3rd period - Shot by Conor Sheary.
5:33 of 3rd period - Stopped by Braden Holtby without a rebound.
5:34 of 3rd period - Warren Foegele wins face-off versus Adam Ruzicka in COLORADO Avalanche zone.
5:45 of 3rd period - Icing by Michael Del Zotto.
5:46 of 3rd period - Eetu Luostarinen wins face-off versus Anthony Mantha in BUFFALO Sabres zone.
5:46 of 3rd period - Eetu Luostarinen is hit by Anthony Mantha.
5:53 of 3rd period - Shot by Claude Giroux.
5:53 of 3rd period - Deflect By Anthony Mantha.
5:53 of 3rd period - Shot Misses the Net.
6:18 of 3rd period - Icing by Jeff Petry .
6:19 of 3rd period - Claude Giroux wins face-off versus Sam Gagner in COLORADO Avalanche zone.
6:36 of 3rd period - Shot by Anthony Mantha.
6:36 of 3rd period - Stopped by Michael Hutchinson without a rebound.
6:37 of 3rd period - Anze Kopitar wins face-off versus Mikhail Grigorenko in BUFFALO Sabres zone.
6:52 of 3rd period - Shot by Alexander Wennberg.
6:52 of 3rd period - Deflect By Artemi Panarin.
6:52 of 3rd period - Stopped by Michael Hutchinson without a rebound.
6:53 of 3rd period - Adam Ruzicka wins face-off versus Sam Gagner in BUFFALO Sabres zone.
7:05 of 3rd period - Timothy Liljegren is hit by Brenden Dillon and loses puck.
7:16 of 3rd period - Shot by Glenn Gawdin.
7:16 of 3rd period - Shot Misses the Net.
7:17 of 3rd period - Minor Penalty to Hampus Lindholm for Cross-checking.
7:18 of 3rd period - Ryan Johansen wins face-off versus Claude Giroux in BUFFALO Sabres zone.
7:51 of 3rd period - Shot by Jeff Petry .
7:51 of 3rd period - Deflect By Claude Giroux.
7:51 of 3rd period - Stopped by Michael Hutchinson without a rebound.
7:52 of 3rd period - Alexander Wennberg wins face-off versus Ryan Johansen in BUFFALO Sabres zone.
8:33 of 3rd period - Ryan Johansen is hit by Anze Kopitar and loses puck.
8:53 of 3rd period - Icing by Claude Giroux.
8:54 of 3rd period - Claude Giroux wins face-off versus Ryan Johansen in COLORADO Avalanche zone.
9:14 of 3rd period - Shot by Claude Giroux.
9:14 of 3rd period - Stopped by Michael Hutchinson without a rebound.
9:15 of 3rd period - Claude Giroux wins face-off versus Ryan Johansen in BUFFALO Sabres zone.
9:18 of 3rd period - Shot by Johnny Gaudreau.
9:18 of 3rd period - Shot Misses the Net.
9:20 of 3rd period - Shot by Christian Djoos.
9:20 of 3rd period - Shot Misses the Net.
9:46 of 3rd period - Shot by Philip Tomasino.
9:46 of 3rd period - Shot Misses the Net.
9:48 of 3rd period - Shot by Philip Tomasino.
9:48 of 3rd period - Stopped by Michael Hutchinson with a rebound.
10:06 of 3rd period - Noah Dobson is hit by Joel Farabee and loses puck.
10:29 of 3rd period - Shot by Claude Giroux.
10:29 of 3rd period - Stopped by Michael Hutchinson without a rebound.
10:30 of 3rd period - Alexander Wennberg wins face-off versus Sam Gagner in BUFFALO Sabres zone.
10:30 of 3rd period - Alexander Wennberg is hit by Timothy Liljegren.
11:00 of 3rd period - Minor Penalty to Brenden Dillon for Hooking.
11:01 of 3rd period - Anze Kopitar wins face-off versus Robby Fabbri in COLORADO Avalanche zone.
11:12 of 3rd period - Shot by Conor Sheary.
11:12 of 3rd period - Deflect By Mikhail Grigorenko.
11:12 of 3rd period - Stopped by Braden Holtby without a rebound.
11:13 of 3rd period - Ryan Johansen wins face-off versus Anze Kopitar in COLORADO Avalanche zone.
12:24 of 3rd period - Shot by Robby Fabbri.
12:24 of 3rd period - Stopped by Braden Holtby with a rebound.
12:34 of 3rd period - Shot by Conor Sheary.
12:34 of 3rd period - Deflect By Robby Fabbri.
12:34 of 3rd period - Shot Misses the Net.
12:36 of 3rd period - Shot by Conor Sheary.
12:36 of 3rd period - Stopped by Braden Holtby without a rebound.
12:37 of 3rd period - Robby Fabbri wins face-off versus Anze Kopitar in COLORADO Avalanche zone.
12:40 of 3rd period - Shot by Timothy Liljegren.
12:40 of 3rd period - Shot Blocked by Claude Giroux.
13:11 of 3rd period - Shot by Warren Foegele.
13:11 of 3rd period - Goal by Warren Foegele - BUFFALO Sabres : 3 - COLORADO Avalanche : 5.
13:12 of 3rd period - Anton Blidh wins face-off versus Philip Tomasino in neutral zone.
13:12 of 3rd period - Anton Blidh is hit by Maxime Comtois.
13:18 of 3rd period - Maxime Comtois is hit by Anton Blidh and loses puck.
13:31 of 3rd period - Shot by Ivan Barbashev.
13:31 of 3rd period - Shot Misses the Net.
13:33 of 3rd period - Shot by Ivan Barbashev.
13:33 of 3rd period - Stopped by Braden Holtby without a rebound.
13:34 of 3rd period - Ryan Johansen wins face-off versus Claude Giroux in COLORADO Avalanche zone.
14:28 of 3rd period - Icing by Noah Dobson.
14:29 of 3rd period - Johnny Gaudreau wins face-off versus Sam Gagner in COLORADO Avalanche zone.
15:29 of 3rd period - Shot by Eetu Luostarinen.
15:29 of 3rd period - Stopped by Braden Holtby with a rebound.
15:31 of 3rd period - Shot by Warren Foegele.
15:31 of 3rd period - Shot Blocked by Artemi Panarin.
15:51 of 3rd period - Joel Farabee is hit by Anze Kopitar and loses puck.
16:14 of 3rd period - Shot by Ryan Johansen.
16:14 of 3rd period - Stopped by Braden Holtby without a rebound.
16:15 of 3rd period - Claude Giroux wins face-off versus Ryan Johansen in COLORADO Avalanche zone.
16:26 of 3rd period - Shot by Claude Giroux.
16:26 of 3rd period - Stopped by Michael Hutchinson without a rebound.
16:27 of 3rd period - Sam Gagner wins face-off versus Adam Ruzicka in BUFFALO Sabres zone.
16:27 of 3rd period - Sam Gagner is hit by Brenden Dillon.
16:33 of 3rd period - Shot by Adam Ruzicka.
16:33 of 3rd period - Stopped by Michael Hutchinson without a rebound.
16:34 of 3rd period - Claude Giroux wins face-off versus Ryan Johansen in BUFFALO Sabres zone.
16:52 of 3rd period - Icing by Noah Dobson.
16:53 of 3rd period - Claude Giroux wins face-off versus Sam Gagner in COLORADO Avalanche zone.
17:30 of 3rd period - Icing by Noah Dobson.
17:31 of 3rd period - Ryan Johansen wins face-off versus Claude Giroux in COLORADO Avalanche zone.
18:06 of 3rd period - Shot by Mikhail Grigorenko.
18:06 of 3rd period - Shot Misses the Net.
18:08 of 3rd period - Shot by Ryan Johansen.
18:08 of 3rd period - Shot Misses the Net.
18:26 of 3rd period - Shot by Warren Foegele.
18:26 of 3rd period - Stopped by Braden Holtby without a rebound.
18:27 of 3rd period - Philip Tomasino wins face-off versus Sam Gagner in COLORADO Avalanche zone.
18:41 of 3rd period - Shot by Luke Glendening.
18:41 of 3rd period - Deflect By Philip Tomasino.
18:41 of 3rd period - Goal by Philip Tomasino - BUFFALO Sabres : 3 - COLORADO Avalanche : 6.
18:42 of 3rd period - Adam Ruzicka wins face-off versus Eetu Luostarinen in neutral zone.
18:53 of 3rd period - Shot by Martin Frk.
18:53 of 3rd period - Shot Misses the Net.
18:59 of 3rd period - Shot by Eetu Luostarinen.
18:59 of 3rd period - Stopped by Braden Holtby without a rebound.
19:00 of 3rd period - Claude Giroux wins face-off versus Sam Gagner in COLORADO Avalanche zone.
19:09 of 3rd period - Shot by Sam Gagner.
19:09 of 3rd period - Stopped by Braden Holtby with a rebound.
19:26 of 3rd period - Minor Penalty to Brenden Dillon for Cross-checking.
19:27 of 3rd period - Anze Kopitar wins face-off versus Robby Fabbri in COLORADO Avalanche zone.
19:27 of 3rd period - Oliver Kylington is hit by Mikhail Grigorenko and loses puck.
19:33 of 3rd period - Noah Dobson is hit by Nelson Nogier and loses puck.
19:36 of 3rd period - Shot by Anze Kopitar.
19:36 of 3rd period - Stopped by Michael Hutchinson without a rebound.
19:37 of 3rd period - Ryan Johansen wins face-off versus Anze Kopitar in BUFFALO Sabres zone.
Goals for this period are 1 for BUFFALO Sabres vs 2 for COLORADO Avalanche .
Shots for this period are 12 for BUFFALO Sabres vs 14 for COLORADO Avalanche .